 Dungeon Crawl Stone Soup version 0.21.1-1-g345015f (webtiles) character file.

3547 diana the Cleaver (level 10, -6/94 HPs)
             Began as a Hill Orc Fighter on July 10, 2018.
             Was a Believer of Ru.
             Mangled by a troll (9 damage)
             ... on level 9 of the Dungeon.
             The game lasted 00:11:13 (7563 turns).

diana the Cleaver (Hill Orc Fighter)                Turns: 7563, Time: 00:11:14

Health: -6/94      AC: 12    Str: 21    XL:     10   Next: 9%
Magic:  3/3        EV:  3    Int:  8    God:    Ru [**....]
Gold:   273        SH:  9    Dex: 13    Spells: 9/9 levels left

rFire    . . .     SeeInvis .   C - +1 war axe (antimagic)
rCold    . . .     Gourm    .   c - +0 shield
rNeg     . . .     Faith    .   i - +1 plate armour
rPois    .         Spirit   .   (no helmet)
rElec    .         Reflect  .   u - scarf {repulsion}
rCorr    .         Harm     .   (no gloves)
MR       +....                  (no boots)
Stlth    ..........             (no amulet)
HPRegen  0.25/turn              n - +3 ring of dexterity
MPRegen  0.08/turn              v - ring of protection from magic

@: repel missiles
A: weak 1, inability to train dodging
a: Renounce Religion


You were on level 9 of the Dungeon.
You worshipped Ru.
Ru was pleased with you.
You were hungry.

You visited 2 branches of the dungeon, and saw 10 of its levels.

You collected 417 gold pieces.
You spent 144 gold pieces at shops.

Inventory:

Hand Weapons
 l - a +4 hand axe
 C - a +1 antimagic war axe (weapon)
Armour
 c - a +0 shield (worn)
 i - a +1 plate armour (worn)
 u - a scarf of repulsion (worn)
Jewellery
 n - a +3 ring of dexterity (left hand)
 v - a ring of protection from magic (right hand)
Wands
 r - a wand of enslavement (16)
 y - a wand of clouds (6)
 B - a wand of random effects (7)
Scrolls
 d - 2 scrolls of remove curse
 e - 2 scrolls of teleportation
 g - 2 scrolls of identify
 h - 3 scrolls of enchant armour
 m - a scroll of random uselessness {unknown}
 o - 2 scrolls of fog {unknown}
 p - 2 scrolls of immolation {unknown}
 q - a scroll of blinking {unknown}
 w - 2 scrolls of enchant weapon
Potions
 a - 3 potions of curing
 b - 2 potions of degeneration
 j - a potion of brilliance
 k - 3 potions of invisibility
 t - 2 potions of lignification {unknown}
 x - 2 potions of mutation {unknown}
 z - a potion of flight {unknown}
 A - 2 potions of ambrosia {unknown}
Books
 s - a book of Misfortune

   Spells                             Type                      Level
   a - Confusing Touch                Hexes                        1
   b - Confuse                        Hexes                        3
   c - Gell's Gravitas                Translocation                3
   d - Petrify                        Transmutation/Earth          4
   e - Metabolic Englaciation         Hexes/Ice                    5
   f - Yara's Violent Unravelling     Hexes/Transmutation          5
 E - a book of Changes

   Spells                             Type                      Level
   a - Beastly Appendage              Transmutation                1
   b - Sticks to Snakes               Transmutation                2
   c - Spider Form                    Transmutation/Poison         3
   d - Ice Form                       Ice/Transmutation            4
   e - Blade Hands                    Transmutation                5
Comestibles
 f - 17 rations


   Skills:
 + Level 10.3 Fighting
 * Level 14.4 Axes
 - Level 3.2 Armour
 - Level 3.2 Shields


You had 9 spell levels left.
You didn't know any spells.

Dungeon Overview and Level Annotations

Branches:
Dungeon (9/15)             Temple (1/1) D:4
   Lair: D:8-11         Orc: D:9-12

Altars:
Dithmenos
Elyvilon
Fedhas
Gozag
Hepliaklqana
Kikubaaqudgha
Makhleb
Okawaru
Qazlal
Ru
Sif Muna
Trog
Uskayaw
Vehumet
Wu Jian
Xom
Yredelemnul
Zin
The Shining One

Shops:
D:6 [


Innate Abilities, Weirdness & Mutations

You are weak. (Str -2)
You cannot train Dodging skill.


Message History

You block the gnoll's attack. The ogre hits you with a giant club!
The gnoll hits you with a flail.
Unknown command.
You slash the troll!
The troll is moderately wounded.
You hit the ogre. You closely miss the gnoll. You slash the gnoll!
You kill the gnoll!
The troll bites you.
* * * LOW HITPOINT WARNING * * *
You block the troll's attack. The troll claws you!
* * * LOW HITPOINT WARNING * * *
You hit the troll but do no damage.
The troll is moderately wounded.
You slash the necrophage! You slash the gnoll! You barely miss the ogre.
The ogre hits you with a giant club!
* * * LOW HITPOINT WARNING * * *
The gnoll hits you but does no damage.
The necrophage hits you but does no damage.
The troll bites you!
You die...

#...#.).# #.....
#...#...# #.....
#.......# . #.....
#.......###...< #.....
#......<....... #.....
#...##......... #....n
#...##.........
#....n###...##..####...
#...gT@..?..##..# %.
#....Og.....##..# .
#....g####..##..#
....... #..##..#
....... #.=# ...###.
#..# #?. #. #... #. #.
....


You could see a troll, an ogre, 2 necrophages and 3 gnolls.

Vanquished Creatures
  The ghost of dscm the Cleaver, a novice DsGl of Uskayaw (D:6)
  Eustachio (D:6)
  A hungry ghost (D:8)
  A porcupine (D:8)
  3 sky beasts
  A phantom (D:4)
  A black bear (D:7)
  2 ogres
  3 centaurs
  A big kobold (D:7)
  A bullfrog (D:6)
  A wyvern skeleton (D:7)
  6 scorpions
  6 killer bees (D:5)
  5 wights (D:6)
  A howler monkey (D:7)
  2 crimson imps
  5 hounds
  A quasit (D:8)
  A bullfrog zombie (D:5)
  4 orc wizards
  A bullfrog skeleton (D:4)
  2 orc priests
  2 centaur skeletons
  A jelly (D:6)
  An iguana (D:5)
  3 worker ants
  A hound skeleton (D:6)
  2 worker ant zombies (D:6)
  A gnoll (D:9)
  A howler monkey skeleton (D:8)
  9 adders
  3 shadow imps
  An ooze (D:1)
  An adder zombie (D:9)
  An adder skeleton (D:4)
  4 worms
  4 dart slugs
  6 leopard geckos
  24 orcs
  3 ball pythons
  3 giant cockroaches
  13 goblins
  6 hobgoblins
  4 jackals (D:4)
  9 kobolds
  3 quokkas
  7 bats
  4 frilled lizards
  A leopard gecko skeleton (D:5)
  A quokka skeleton (D:7)
  4 rats
  A fungus (D:8)
175 creatures vanquished.

Notes
Turn   | Place    | Note
-------+----------+-------------------------------------------
     0 | D:1      | diana the Hill Orc Fighter began the quest for the Orb.
     0 | D:1      | Reached XP level 1. HP: 19/19 MP: 1/1
    66 | D:1      | Reached skill level 3 in Axes
   188 | D:1      | Reached XP level 2. HP: 27/27 MP: 2/2
   359 | D:1      | Reached skill level 4 in Axes
   363 | D:1      | Reached XP level 3. HP: 29/33 MP: 3/3
   501 | D:2      | Reached XP level 4. HP: 19/41 MP: 4/4
   876 | D:2      | Reached skill level 5 in Axes
  1184 | D:2      | Reached XP level 5. HP: 47/47 MP: 5/5
  1473 | D:3      | Reached skill level 6 in Axes
  1478 | D:3      | Reached skill level 5 in Fighting
  2191 | D:4      | Reached XP level 6. HP: 32/56 MP: 6/6
  2379 | D:4      | Reached skill level 7 in Axes
  2406 | D:4      | Noticed a phantom
  2444 | D:4      | Killed a phantom
  2528 | D:4      | Found a staircase to the Ecumenical Temple.
  2545 | D:4      | Reached skill level 8 in Axes
  2545 | D:4      | Reached XP level 7. HP: 55/63 MP: 7/7
  2550 | Temple   | Entered the Ecumenical Temple
  2774 | Temple   | Became a worshipper of Ru the Awakened
  3751 | D:5      | Entered Level 5 of the Dungeon
  3880 | D:5      | Reached skill level 9 in Axes
  3884 | D:5      | Reached XP level 8. HP: 13/73 MP: 8/8
  3886 | D:5      | HP: 3/73 [killer bee (4)]
  3887 | D:5      | HP: 1/73 [poisoned by a killer bee]
  4312 | D:5      | Reached skill level 10 in Axes
  4433 | D:5      | Gained mutation: You cannot train Dodging skill. [Ru sacrifice]
  4433 | D:5      | Reached * piety under Ru
  4918 | D:6      | Reached skill level 11 in Axes
  4948 | D:6      | Found Vuduck's Armour Boutique.
  4953 | D:6      | Bought a scarf of repulsion for 144 gold pieces
  5061 | D:6      | Noticed Eustachio
  5061 | D:6      | Noticed dscm's ghost (novice DsGl)
  5110 | D:6      | Killed dscm's ghost
  5110 | D:6      | Reached skill level 12 in Axes
  5110 | D:6      | Reached XP level 9. HP: 40/82 MP: 9/9
  5132 | D:6      | Killed Eustachio
  5531 | D:6      | Found a radiant altar of Vehumet.
  5543 | D:6      | Found a burning altar of Makhleb.
  5546 | D:6      | Found a white marble altar of Elyvilon.
  5549 | D:6      | Found a hazy altar of Hepliaklqana.
  5937 | D:6      | Found an ornate altar of the Wu Jian Council.
  6091 | D:6      | Reached skill level 13 in Axes
  6334 | D:7      | Found an opulent altar of Gozag.
  6643 | D:7      | Gained mutation: You are weak. (Str -2) [Ru sacrifice]
  6643 | D:7      | Reached ** piety under Ru
  7088 | D:8      | Reached skill level 10 in Fighting
  7088 | D:8      | Reached skill level 14 in Axes
  7132 | D:8      | Reached XP level 10. HP: 68/93 MP: 3/10
  7208 | D:8      | Noticed a two-headed ogre
  7554 | D:9      | Paralysed by a gnoll for 5 turns
  7563 | D:9      | HP: 3/94 [ogre/giant club (16)]
  7563 | D:9      | Mangled by a troll

Skill      XL: |  1  2  3  4  5  6  7  8  9 |
---------------+----------------------------+-----
Axes           | 3 4 5 6 8 9 12 14 | 14.4
Fighting       | 4 5 6 7 8 10 | 10.3
Armour         | |  3.2
Shields        | |  3.2

Action                   |  1- 3 |  4- 6 |  7- 9 | 10-12 || total
-------------------------+-------+-------+-------+-------++-------
Melee: War axe           |    78 |    98 |    37 |    20 ||   233
       Hand axe          |       |   113 |   380 |       ||   493
Invok: Sacrifice Nimblen |       |       |     1 |       ||     1
       Sacrifice Purity  |       |       |     1 |       ||     1
  Use: Potion            |       |       |     3 |     1 ||     4
       Scroll            |       |       |     9 |       ||     9
  Eat: Chunk             |       |     6 |    10 |       ||    16
       Ration            |       |       |     2 |       ||     2
Armor: Scale mail        |    17 |       |       |       ||    17
       Plate armour      |    31 |   123 |   205 |    19 ||   378
Dodge: Dodged            |    17 |    20 |    41 |     7 ||    85
       Deflected         |       |       |     1 |       ||     1
Block: Shield            |    41 |    96 |   147 |    11 ||   295
